 Dungeon Crawl Stone Soup version 0.21.1 (webtiles) character file.

111 shakethe the Changer (level 4, 0/35 HPs)
             Began as a Draconian Transmuter on Feb 4, 2018.
             Slain by an adder (4 damage)
             ... on level 3 of the Dungeon.
             The game lasted 00:07:00 (2654 turns).

shakethe the Changer (Draconian Transmuter)         Turns: 2654, Time: 00:07:01

Health: 0/35       AC:  2    Str: 12    XL:     4   Next: 62%
Magic:  4/7        EV: 19    Int: 14    God:
Gold:   171        SH:  0    Dex: 17    Spells: 3/7 levels left

rFire    . . .     SeeInvis .     - Unarmed
rCold    . . .     Gourm    .   (shield currently unavailable)
rNeg     . . .     Faith    .   (armour unavailable)
rPois    x         Spirit   .   (helmet currently unavailable)
rElec    .         Reflect  .   (cloak currently unavailable)
rCorr    .         Harm     .   (gloves currently unavailable)
MR       .....                  (boots currently unavailable)
Stlth    ++........             (no amulet)
HPRegen  0.11/turn              (no ring)
MPRegen  0.10/turn              (no ring)

@: lethally poisoned (0 -> -4), spider-form
A: tiny, unfitting armour, AC +5
a: End Transformation


You were on level 3 of the Dungeon.
You were hungry.
You were a venomous arachnid creature.
You visited 1 branch of the dungeon, and saw 3 of its levels.

You collected 171 gold pieces.

Inventory:

Hand Weapons
 l - a +1 hunting sling of freezing
Missiles
 a - 29 arrows
Scrolls
 e - a scroll of enchant weapon {unknown}
 f - 2 scrolls of teleportation {unknown}
 g - a scroll of remove curse {unknown}
 k - 5 scrolls of identify {unknown}
 n - a scroll of amnesia {unknown}
 o - a scroll of fear {unknown}
 p - a scroll of immolation {unknown}
Potions
 d - 2 potions of lignification {unknown}
 h - a potion of brilliance {unknown}
 i - a potion of haste {unknown}
 j - a potion of degeneration {unknown}
 m - a potion of invisibility {unknown}
Books
 b - a book of Changes

   Spells                             Type                      Level
   a - Beastly Appendage              Transmutation                1
   b - Sticks to Snakes               Transmutation                2
   c - Spider Form                    Transmutation/Poison         3
   d - Ice Form                       Ice/Transmutation            4
   e - Blade Hands                    Transmutation                5
Comestibles
 c - 4 rations


   Skills:
 - Level 1.1 Fighting
 - Level 1.7 Dodging
 - Level 3.0 Unarmed Combat
 - Level 2.0 Spellcasting
 + Level 4.9 Transmutations


You had 3 spell levels left.
You knew the following spells:

 Your Spells              Type           Power        Failure   Level  Hunger
a - Beastly Appendage     Tmut           ###...       11%         1    ##.....
b - Spider Form           Tmut/Pois      #.........   47%         3    ####...


Dungeon Overview and Level Annotations

Branches:
Dungeon (3/15)

Altars:


Innate Abilities, Weirdness & Mutations

((Your plain brown scales are hard. (AC +5)))
You cannot fit into any form of body armour.
((You are cold-blooded and may be slowed by cold attacks.))


Message History

The adder is heavily wounded.
The adder bites you.
* * * LOW HITPOINT WARNING * * *
You closely miss the adder.
Your tail-slap misses the adder.
The adder is heavily wounded.
The adder bites you but does no damage. The adder barely misses you.
You hit the adder but do no damage.
The adder is heavily wounded.
The adder bites you.
* * * LOW HITPOINT WARNING * * *
You are lethally poisoned!
The adder poisons you!
Casting: Spider Form
Confirm with . or Enter, or press ? or * to list all spells.
You turn into a venomous arachnid creature.
* * * LOW HITPOINT WARNING * * *
You feel sick. The adder completely misses you.
* * * LOW HITPOINT WARNING * * *
You feel sick. The adder bites you.
You die...

#......#####<..
###...#..# #.#.
#........# #...
#.##)###)# #.##
##.##.#
#.#####...
#.....#
#.........
#..####
#####.#..)
###..# #.#...
#..s.# #.#...
#. #.#S##
#.#... .. #.#.#
#..... .# . .<.
###### .#
.###.##
##.###.# ##. .#
#.. #.# # #.#
#.# #.# ... #.#
#.## #.#


You could see an adder.

Vanquished Creatures
  Terence (D:2)
  4 adders
  3 dart slugs (D:2)
  2 worms
  A giant cockroach (D:1)
  7 goblins
  4 hobgoblins
  A quokka (D:3)
  2 ball pythons
  4 bats
  9 kobolds
  7 rats
45 creatures vanquished.

Notes
Turn   | Place    | Note
-------+----------+-------------------------------------------
     0 | D:1      | shakethe the Draconian Transmuter began the quest for the Orb.
     0 | D:1      | Reached XP level 1. HP: 16/16 MP: 3/3
   399 | D:1      | Reached XP level 2. HP: 23/23 MP: 5/5
   875 | D:2      | Reached skill level 3 in Transmutations
  1371 | D:2      | Reached XP level 3. HP: 25/28 MP: 6/6
  1376 | D:2      | Learned a level 3 spell: Spider Form
  1722 | D:2      | Reached skill level 4 in Transmutations
  1959 | D:2      | Noticed Terence
  1973 | D:2      | Killed Terence
  1973 | D:2      | Reached XP level 4. HP: 32/35 MP: 4/7
  2654 | D:3      | Slain by an adder

Skill      XL: |  1  2  3 |
---------------+----------+-----
Transmutations | 3 4 |  4.9
Fighting       | |  1.1
Dodging        | |  1.7
Unarmed Combat | |  3.0
Spellcasting   | |  2.0

Action                   |  1- 3 |  4- 6 || total
-------------------------+-------+-------++-------
Melee: Unarmed           |   147 |    65 ||   212
       Tailslap          |    12 |     6 ||    18
       Kick              |     3 |       ||     3
 Cast: Spider Form       |     1 |     2 ||     3
       Beastly Appendage |     1 |       ||     1
 Stab: Sleeping          |     1 |       ||     1
       Distracted        |     1 |       ||     1
  Eat: Ration            |     1 |       ||     1
       Chunk             |       |     2 ||     2
Armor: Skin              |    31 |    18 ||    49
Dodge: Dodged            |   100 |    32 ||   132
